 Dungeon Crawl Stone Soup version 0.24-a0-484-g962a3eeff7 (webtiles) character file.

Game seed: 6706718746384032293

148 Mithandil the Conjurer (level 5, 0/28 HPs)
             Began as a Deep Elf Conjurer on July 9, 2019.
             Killed by divine providence
             ... invoked by an orc priest
              (10 damage)
             ... on level 4 of the Dungeon.
             The game lasted 00:21:03 (3027 turns).

Mithandil the Conjurer (Deep Elf Conjurer)          Turns: 3027, Time: 00:21:04

Health: 0/28       AC:  4    Str: 10    XL:     5   Next: 8%
Magic:  4/13       EV: 12    Int: 20    God:
Gold:   141        SH:  4    Dex: 15    Spells: 2/13 levels left

rFire    . . .     SeeInvis .   a - +0 dagger
rCold    . . .     Gourm    .   g - +0 buckler
rNeg     . . .     Faith    .   p - -1 troll leather armour
rPois    .         Spirit   .   k - +0 helmet
rElec    .         Reflect  .   (no cloak)
rCorr    .         Harm     .   (no gloves)
MR       .....                  (no boots)
Stlth    ++........             (no amulet)
HPRegen  0.49/turn              s - +4 ring of strength
MPRegen  0.13/turn              (no ring)

@: no status effects
A: no striking features
a: no special abilities


You were on level 4 of the Dungeon.
You were not hungry.

You visited 1 branch of the dungeon, and saw 5 of its levels.

You collected 141 gold pieces.

Inventory:

Hand Weapons
 a - a +0 dagger (weapon)
 b - a +0 short sword
Missiles
 e - 189 stones
 f - 8 boomerangs (quivered)
Armour
 d - a +0 robe
 g - a +0 buckler (worn)
 h - a cursed +0 ring mail
 k - a +0 helmet (worn)
 p - a -1 troll leather armour (worn)
Jewellery
 s - a +4 ring of strength (left hand)
Scrolls
 l - a scroll of teleportation {unknown}
Potions
 i - a potion of degeneration {unknown}
 m - 2 potions of might {unknown}
 n - a potion of brilliance {unknown}
 o - a potion of haste {unknown}
 q - a potion of heal wounds {unknown}
 r - a potion of ambrosia {unknown}
Comestibles
 c - 5 rations


   Skills:
 + Level 3.4 Dodging
 + Level 3.1 Stealth
 * Level 1.2 Shields
 * Level 4.6 Spellcasting
 * Level 5.1 Conjurations
 + Level 0.5 Translocations


You had 2 spell levels left.
You knew the following spells:

 Your Spells              Type           Power        Failure   Level  Hunger
a - Magic Dart            Conj           ####         2%          1    None
b - Searing Ray           Conj           ####..       4%          2    #......
c - Force Lance           Conj/Tloc      ###.....     56%         4    ####...
d - Iskenderun's Mystic   Conj           ####....     28%         4    ####...

Your spell library contained the following spells:

 Spells                   Type           Power        Failure   Level  Hunger
 Dazzling Spray           Conj/Hex       ##....       24%         3    ##.....
 Fulminant Prism          Conj/Hex       ##........   63%         4    ####...


Dungeon Overview and Level Annotations

Branches:
Dungeon (5/15)
 Temple: D:4-7

Altars:


Message History

The orc priest invokes the aid of Beogh against you.
You struggle to resist.
Casting: Magic Dart (safe; 2% risk of failure)
Confirm with . or Enter, or press ? or * to list all spells.
Aiming: Magic Dart (safe; 2% risk of failure)
Press: ? - help, Shift-Dir - straight line, f - orc priest
Aim: an orc priest, wielding a +0 trident and wearing a +0 leather armour The magic dart hits the orc priest.
The orc priest is moderately wounded.
The orc priest hits you but does no damage.
Casting: Magic Dart (safe; 2% risk of failure)
Confirm with . or Enter, or press ? or * to list all spells.
Aiming: Magic Dart (safe; 2% risk of failure)
Press: ? - help, Shift-Dir - straight line, f/p - orc priest
Aim: an orc priest, wielding a +0 trident and wearing a +0 leather armour (moderately wounded)
The magic dart hits the orc priest.
The orc priest is heavily wounded.
The orc priest mumbles some strange prayers to Beogh against you.
Beogh smites you!
You die...

..####.#...####.##......#
.#####.##.## #.##..##..#
.......##.# #.........#
.########.# ####.##.#.#
.# #+# #......#.# .# ...
#.#......# .# ....
#.###...## .# .....
#.#.....# .##
......##@#.....# ....+
.....oo).†<...## .####
.....s####...## ## .....
#..## # .... #.## ... #.#
#+ #.# .### #.# ... S.#


You could see 2 orc priests and a giant cockroach.

Vanquished Creatures
  Terence (D:3)
  4 adders
  An ooze (D:2)
  2 worms (D:2)
  3 dart slugs (D:1)
  A leopard gecko (D:2)
  7 orcs
  A giant cockroach (D:1)
  6 goblins
  7 hobgoblins
  5 kobolds
  4 quokkas
  12 bats
  2 frilled lizards (D:1)
  10 rats
66 creatures vanquished.

Notes
Turn   | Place    | Note
-------+----------+-------------------------------------------
     0 | D:1      | Mithandil the Deep Elf Conjurer began the quest for the
                  | Orb.
     0 | D:1      | Reached XP level 1. HP: 10/10 MP: 6/6
   184 | D:1      | Reached XP level 2. HP: 15/15 MP: 2/8
   188 | D:1      | Learned a level 2 spell: Searing Ray
   644 | D:1      | Reached XP level 3. HP: 19/19 MP: 8/10
  1576 | D:2      | Noticed Terence
  1802 | D:2      | Reached XP level 4. HP: 24/24 MP: 9/12
  1808 | D:2      | Learned a level 4 spell: Force Lance
  1813 | D:2      | Learned a level 4 spell: Iskenderun's Mystic Blast
  2260 | D:3      | Reached skill level 1 in Shields
  2261 | D:3      | Reached skill level 5 in Conjurations
  2547 | D:3      | HP: 1/24 [Terence/+0 falchion (6)]
  2559 | D:3      | Killed Terence
  2903 | D:5      | Entered Level 5 of the Dungeon
  3020 | D:4      | Reached XP level 5. HP: 17/28 MP: 10/13
  3027 | D:4      | Killed from afar by an orc priest

Levels and vault maps discovered:
D:1:      shiori_arrival_maze, layout_loops_ring
D:2:      layout_basic, glass_columns_b, grunt_ministairs_11,
          minmay_pentomino_p4, uniq_terence
D:3:      layout_loops_ring
D:4:      layout_loops_corners, minmay_checkerbox, uniq_eustachio
D:5:      layout_basic, nicolae_ru_path_of_blood,
          minmay_temple_entry_mini_moons, first_ration, uniq_edmund

Skill      XL: |  1  2  3  4 |
---------------+-------------+-----
Dodging        | 3 |  3.4
Spellcasting   | 4 |  4.6
Stealth        | 3 |  3.1
Shields        | 1 |  1.2
Conjurations   | 5 |  5.1
Translocations | |  0.5

Action                   |  1- 3 |  4- 6 || total
-------------------------+-------+-------++-------
Melee: Dagger            |     1 |     9 ||    10
 Cast: Magic Dart        |    83 |    74 ||   157
  Use: Scroll            |     1 |     3 ||     4
  Eat: Chunk             |     3 |     2 ||     5
       Ration            |       |     1 ||     1
Armor: Robe              |     4 |     3 ||     7
       Troll leather arm |       |     2 ||     2
Dodge: Dodged            |     8 |    17 ||    25
Block: Buckler           |     4 |     6 ||    10

Table legend:
 A = Non-vault XP
 B = Vault XP
 C = Vault XP percentage of total XP
 D = Non-vault monster count
 E = Vault monster count
 F = Vault count percentage of total count
                 A         B        C        D         E       F
            +---------+---------+-------+---------+---------+-------
      Total |     148 |      64 |  30.2 |      57 |       9 |  13.6
            +---------+---------+-------+---------+---------+-------
        D:1 |      29 |       3 |   9.4 |      14 |       2 |  12.5
        D:2 |      50 |      29 |  36.7 |      21 |       6 |  22.2
        D:3 |      37 |      32 |  46.4 |      18 |       1 |   5.3
        D:4 |      32 |       0 |   0.0 |       4 |       0 |   0.0
            +---------+---------+-------+---------+---------+-------
